Map: Kairos Junction LE

Players

Serral

  • Race: Zerg Zerg
  • Spawn Location: 11:00

soO - Winner!

  • Race: Zerg Zerg
  • Spawn Location: 5:00

Event: IEM Season 13: Katowice (2019)

VOD

Have the link to the VOD?

Description

Time

  • Played on: March 2, 2019, 11:46 a.m.
  • Length: 10:13

All games in this series

Show
View Real Time Build Order
Export as new Build Order

Serral Zerg 

Build Orders: Hatch First 

Get SALT Encoding   

  12  0:00  Drone  
  13  0:12  Overlord  
  13  0:17  Drone  
  14  0:30  Drone x2  
  16  0:48  Hatchery  
  15  0:50  Drone  
  15  0:55  Drone  
  17  1:09  Spawning Pool  
  16  1:11  Extractor  
  16  1:13  Drone  
  16  1:17  Drone  
  17  1:20  Drone  
  18  1:29  Drone  
  19  1:40  Drone  
  20  1:51  Overlord  
  20  1:55  Queen  
  20  1:59  Queen  
  24  2:02  Zergling x4  
  26  2:11  Metabolic Boost, Drone x2  
  28  2:21  Drone  
  28  2:22  Drone  
  30  2:32  Drone x2  
  32  2:41  Hatchery  
  32  2:44  Drone  
  32  2:47  Overlord  
  32  2:54  Drone x2  
  33  3:03  Drone x2  
  33  3:04  Drone  
  36  3:06  Drone  
  36  3:07  Drone x2  
  36  3:10  Evolution Chamber  
  37  3:16  Roach Warren  
  37  3:17  Drone  
  37  3:18  Drone  
  38  3:20  Drone  
  38  3:22  Drone  
  40  3:29  Drone x2  
  42  3:34  Overlord  
  42  3:36  Drone x2  
  42  3:38  Zerg Missile Weapons Level 1  
  44  3:43  Extractor x2  
  44  3:48  Zergling x4  
  44  3:53  Overlord, Zergling x4  
  44  3:54  Zergling x4  
  48  3:59  Lair  
  48  4:01  Drone x2  
  50  4:05  Drone  
  50  4:06  Queen  
  53  4:10  Drone  
  53  4:11  Drone  
  53  4:13  Drone  
  53  4:15  Drone  
  57  4:19  Drone  
  58  4:27  Roach x4  
  66  4:31  Overlord  
  66  4:32  Overlord  
  66  4:36  Overlord  
  65  4:46  Overlord  
  65  4:50  Roach x4  
  65  4:51  Roach  
  75  5:03  Glial Reconstitution  
  75  5:04  Overlord  
  75  5:06  Overseer  
  75  5:07  Roach x4  
  80  5:13  Drone x3  
  85  5:16  Roach x3  
  91  5:21  Overlord  
  91  5:23  Roach x2  
  91  5:27  Roach x2  
  99  5:33  Drone x4  
  103  5:38  Extractor  
  101  5:48  Drone x3  
  104  5:52  Extractor, Overlord  
  104  5:54  Overlord  
  103  5:58  Drone  
  103  5:59  Drone x2  
  103  6:02  Roach x4, Drone x2  
  113  6:06  Overlord  
  113  6:07  Overlord  
  113  6:09  Overseer  
  113  6:17  Roach x3  
  119  6:21  Pneumatized Carapace, Overlord  
  119  6:25  Roach x3, Zerg Ground Armor Level 1  
  125  6:28  Roach  
  127  6:33  Roach x3  
  127  6:39  Overlord  
  133  6:41  Roach x3  
  139  6:48  Overlord  
  139  6:50  Ravager x2  
  139  6:51  Roach  
  139  6:52  Roach  
  145  6:59  Roach x4  
  153  7:11  Overlord x2  
  153  7:12  Roach x4  
  161  7:18  Roach x4  
  161  7:19  Ravager  
  170  7:24  Overlord x2  
  170  7:32  Drone  
  170  7:33  Roach x3  
  170  7:36  Ravager  
  178  7:37  Ravager  
  178  7:38  Hatchery  
  178  7:39  Roach  
  180  7:45  Roach x4  
  188  7:53  Extractor, Drone x4  
  188  7:56  Roach  
  188  7:57  Roach  
  195  8:10  Roach x2  
  200  8:13  Ravager  
  191  8:34  Roach  
  191  8:35  Roach x4  
  191  8:39  Roach x5  
  199  8:49  Ravager  
  196  8:56  Roach x3  
  177  9:03  Roach x8  
  173  9:12  Roach x3  
  163  9:20  Roach x8  
  163  9:23  Roach  
  144  9:25  Roach  
  144  9:26  Roach  
  124  9:32  Roach  
  124  9:35  Roach x3  
  110  9:39  Roach  
  100  9:46  Roach  
  100  9:47  Roach x2  
  100  9:52  Roach  
Show
View Real Time Build Order
Export as new Build Order

soO Zerg - Winner!

Build Orders: Hatch First 

Get SALT Encoding   

  12  0:00  Drone  
  13  0:12  Overlord  
  13  0:16  Drone  
  14  0:30  Drone x2  
  14  0:33  Drone  
  17  0:50  Hatchery  
  17  0:54  Drone  
  17  0:57  Drone  
  18  1:08  Extractor  
  17  1:11  Spawning Pool  
  17  1:14  Drone  
  17  1:18  Drone  
  18  1:28  Drone  
  19  1:38  Drone  
  20  1:49  Overlord  
  20  1:59  Queen  
  22  2:02  Queen  
  22  2:03  Drone x2  
  26  2:10  Drone  
  26  2:13  Drone  
  28  2:21  Zergling x2  
  29  2:24  Drone  
  30  2:34  Drone  
  33  2:38  Queen  
  33  2:41  Overlord  
  33  2:45  Drone x2  
  35  2:57  Drone  
  36  2:59  Lair, Overlord  
  36  3:03  Drone  
  37  3:07  Drone x4  
  37  3:10  Evolution Chamber  
  37  3:11  Drone  
  41  3:12  Roach Warren  
  41  3:14  Drone  
  41  3:17  Drone  
  41  3:18  Drone  
  43  3:23  Drone  
  43  3:24  Extractor  
  43  3:25  Extractor  
  42  3:29  Drone  
  42  3:32  Drone  
  44  3:35  Zerg Missile Weapons Level 1  
  44  3:40  Overlord  
  44  3:42  Drone  
  44  3:44  Drone x3  
  44  3:47  Drone  
  49  3:55  Hatchery  
  49  3:57  Glial Reconstitution  
  49  4:02  Overseer x2  
  48  4:08  Roach x2  
  52  4:13  Roach, Evolution Chamber  
  52  4:15  Roach  
  55  4:18  Roach  
  55  4:20  Roach  
  55  4:23  Drone  
  60  4:26  Overlord  
  60  4:28  Overlord  
  60  4:41  Overlord  
  60  4:46  Roach x4  
  60  4:52  Hatchery  
  67  4:53  Roach  
  67  4:54  Roach x2  
  73  5:03  Drone  
  73  5:04  Roach x4  
  82  5:12  Overlord  
  82  5:20  Overlord  
  82  5:24  Drone x2  
  82  5:26  Overlord  
  84  5:29  Overlord  
  84  5:34  Drone  
  84  5:35  Drone x4  
  89  5:41  Drone  
  89  5:42  Drone  
  91  5:44  Zerg Ground Armor Level 1  
  91  5:49  Drone  
  92  5:53  Zerg Missile Weapons Level 2, Drone  
  93  6:01  Drone x3  
  93  6:03  Drone x2  
  97  6:06  Roach x4  
  105  6:12  Drone  
  105  6:16  Roach x2, Extractor  
  105  6:17  Extractor  
  108  6:24  Roach  
  110  6:27  Roach x2  
  110  6:32  Roach x3  
  120  6:35  Ravager x2  
  120  6:36  Overlord  
  120  6:37  Overlord  
  122  6:40  Overlord  
  122  6:46  Overlord  
  122  6:49  Overlord  
  122  6:57  Roach x7  
  136  7:03  Roach x5  
  136  7:07  Roach  
  136  7:08  Roach x2  
  152  7:12  Ravager x2  
  152  7:13  Roach x2  
  152  7:15  Roach  
  160  7:20  Overlord  
  160  7:28  Roach  
  162  7:34  Overlord  
  162  7:43  Overlord  
  166  7:44  Roach x4  
  166  7:48  Overlord  
  170  7:53  Roach x4  
  170  7:54  Overlord  
  170  7:57  Overlord  
  178  8:03  Roach x4  
  186  8:09  Roach x2, Ravager x3  
  186  8:10  Overlord  
  186  8:11  Ravager  
  194  8:15  Roach x3  
  200  8:32  Roach x2  
  194  8:35  Roach x6  
  194  8:40  Roach x2  
  198  8:46  Roach x2  
  198  8:47  Roach x3  
  199  8:54  Roach  
  198  9:00  Roach x3  
  197  9:08  Roach x3  
  187  9:12  Roach  
  187  9:16  Roach  
  177  9:21  Roach  
  145  9:24  Roach  
  145  9:27  Roach  
  131  9:31  Roach  
  131  9:33  Roach  
  117  9:38  Roach  
  117  9:39  Roach  
  115  9:45  Roach  
  115  9:49  Roach  
  115  9:50  Roach  
  115  9:51  Roach  

Tags
 
Add a new tag
Caveats
  • Supply blocks, unpowered buildings, or Contaminate may cause inaccurate times.
  • Supply counts are checked every 10 seconds.